Map: Orbital Shipyard

Players

Javert

  • Race: Zerg Zerg
  • League: Platinum

McNipsy - Winner!

  • Race: Terran Terran
  • League: Platinum

VOD

Have the link to the VOD?

Description

Time

  • Played on: Aug. 16, 2015, 6:48 p.m.
  • Length: 10:58
Show
View Real Time Build Order
Export as new Build Order

Javert Zerg 

Build Orders: Hatch First, Lurkers 

Get SALT Encoding   

  12  0:01  Drone  
  13  0:14  Overlord  
  13  0:18  Drone  
  14  0:33  Drone x2  
  16  0:38  Drone  
  17  0:54  Hatchery  
  17  0:55  Drone  
  17  1:02  Drone, Extractor  
  17  1:14  Drone  
  18  1:21  Drone  
  18  1:22  Spawning Pool  
  18  1:31  Drone  
  19  1:42  Drone  
  20  1:53  Drone  
  21  2:04  Overlord  
  21  2:11  Metabolic Boost  
  21  2:13  Queen x2  
  21  2:15  Zergling x4  
  27  2:24  Drone x2  
  29  2:31  Drone  
  29  2:46  Drone x2  
  31  2:54  Queen  
  33  3:08  Drone x3  
  33  3:09  Overlord  
  36  3:26  Overlord  
  36  3:29  Hatchery  
  35  3:37  Zergling x18  
  44  3:45  Overlord  
  44  3:48  Drone x2  
  46  3:57  Drone x3  
  46  3:58  Drone x2  
  46  4:02  Overlord  
  51  4:13  Drone x4  
  51  4:14  Drone  
  56  4:17  Extractor  
  56  4:19  Extractor x2  
  52  4:28  Drone  
  52  4:29  Drone  
  53  4:31  Drone  
  53  4:40  Lair  
  53  4:45  Drone  
  54  4:46  Drone x7  
  61  4:57  Lair  
  61  5:01  Drone x3  
  61  5:02  Overlord  
  61  5:03  Overlord  
  64  5:09  Drone  
  64  5:10  Drone x5  
  70  5:16  Overlord x2  
  70  5:29  Overlord x2, Extractor  
  70  5:30  Drone  
  70  5:31  Drone, Extractor  
  70  5:37  Evolution Chamber, Drone x3  
  70  5:38  Evolution Chamber  
  71  5:42  Spire  
  71  5:46  Overlord, Drone  
  71  5:47  Drone x4  
  71  5:49  Burrow  
  75  5:57  Drone  
  75  5:58  Drone x6  
  81  6:10  Drone x4  
  78  6:21  Hydralisk Den  
  78  6:24  Zerg Missile Weapons Level 1, Zerg Ground Armor Level 1  
  77  6:28  Zergling x12  
  83  6:35  Spine Crawler  
  77  6:59  Mutalisk  
  77  7:00  Mutalisk x10  
  99  7:07  Spore Crawler  
  98  7:09  Spore Crawler  
  95  7:22  Zergling x14  
  102  7:23  Zergling x8  
  106  7:31  Lurker Den  
  106  7:32  Extractor  
  106  7:33  Hatchery  
  106  7:34  Extractor  
  106  7:35  Mutalisk x3  
  109  7:43  Queen  
  111  7:45  Hydralisk Den  
  111  7:52  Overseer  
  111  7:53  Overseer  
  111  7:56  Pneumatized Carapace  
  111  8:03  Overlord x2  
  111  8:04  Drone x2  
  108  8:23  Hydralisk  
  108  8:24  Hydralisk x8  
  126  8:28  Overlord  
  126  8:34  Overlord  
  122  8:53  Mutalisk x4  
  130  9:07  Lurker x2  
  132  9:10  Drone x6, Spine Crawler  
  132  9:11  Drone  
  132  9:14  Overlord  
  138  9:19  Lurker, Infestation Pit  
  138  9:23  Drone  
  142  9:24  Drone x4  
  143  9:36  Lurker  
  143  9:37  Lurker x2  
  146  9:39  Drone x3  
  149  9:48  Overlord x3  
  110  10:16  Zergling x2  
  110  10:17  Zergling x24  
  110  10:18  Zergling x8  
  123  10:28  Hydralisk x3  
  123  10:29  Hydralisk  
Show
View Real Time Build Order
Export as new Build Order

McNipsy Terran - Winner!

Build Orders: Reaper Expand, MMM Bio 

Get SALT Encoding   

  12  0:00  SCV  
  13  0:12  SCV  
  14  0:17  Supply Depot  
  14  0:24  SCV  
  15  0:39  SCV  
  16  0:42  Barracks  
  16  0:49  Refinery  
  16  0:51  SCV  
  17  1:03  SCV  
  18  1:15  SCV  
  19  1:32  Reaper, Orbital Command  
  20  1:35  Supply Depot  
  20  1:52  Command Center  
  20  1:57  SCV  
  21  2:03  Refinery  
  21  2:10  Barracks Reactor  
  21  2:16  SCV  
  22  2:28  SCV  
  22  2:29  Factory  
  23  2:40  SCV  
  24  2:48  Marine x2  
  26  2:52  SCV  
  27  3:02  Command Center  
  27  3:04  SCV  
  28  3:08  Orbital Command  
  27  3:20  SCV  
  27  3:23  Starport  
  28  3:31  Hellion x2  
  28  3:33  SCV  
  33  3:36  SCV  
  33  3:38  Marine  
  35  3:45  SCV  
  35  3:48  SCV  
  37  3:56  Hellion x2  
  37  3:57  SCV  
  37  4:00  SCV, Viking  
  45  4:04  Barracks Tech Lab  
  45  4:09  SCV  
  46  4:14  SCV  
  46  4:16  Orbital Command  
  47  4:21  SCV  
  47  4:22  Hellion x2  
  52  4:25  Marine  
  52  4:26  SCV, Liberator  
  52  4:27  Stimpack  
  50  4:33  SCV  
  51  4:38  SCV  
  51  4:42  Bunker  
  55  4:46  Armory  
  55  4:47  SCV x2  
  55  4:50  SCV  
  58  4:53  Marine  
  58  4:58  Hellion  
  61  5:05  Supply Depot  
  61  5:06  Supply Depot  
  61  5:13  Refinery x2  
  61  5:16  Supply Depot  
  61  5:24  Supply Depot  
  61  5:26  SCV x2, Marine  
  61  5:27  Hellion  
  61  5:28  Supply Depot  
  67  5:40  Medivac  
  68  5:48  Orbital Command  
  68  5:49  Barracks  
  68  5:51  Barracks  
  68  5:54  Supply Depot, Marine  
  69  6:01  SCV  
  70  6:08  SCV  
  70  6:10  Engineering Bay  
  71  6:13  SCV x2, Engineering Bay  
  71  6:14  Factory Reactor  
  71  6:17  Marine  
  71  6:18  Medivac  
  76  6:20  SCV  
  76  6:24  Supply Depot  
  76  6:25  Supply Depot, SCV x2  
  80  6:32  SCV  
  80  6:34  Marine  
  80  6:37  SCV  
  80  6:38  SCV, Supply Depot  
  83  6:42  Barracks Reactor, Combat Shields  
  83  6:44  SCV  
  83  6:46  Terran Infantry Weapons Level 1, Terran Infantry Armor Level 1  
  84  6:49  SCV  
  84  6:50  SCV, Supply Depot  
  84  6:52  Marine  
  87  6:57  SCV, Refinery  
  87  6:58  Supply Depot  
  87  6:59  Marine x2  
  90  7:01  SCV  
  90  7:02  SCV  
  92  7:09  SCV  
  92  7:10  Marine  
  92  7:13  SCV, Barracks  
  92  7:14  SCV  
  92  7:15  Factory Reactor, Barracks  
  96  7:17  Marine  
  96  7:19  Supply Depot, Marine x3  
  96  7:20  Medivac x2  
  96  7:21  SCV, Supply Depot  
  105  7:25  SCV  
  105  7:26  SCV  
  105  7:28  Supply Depot, Marine  
  108  7:31  Missile Turret  
  108  7:35  Marine  
  108  7:36  Marine  
  106  7:37  Missile Turret  
  106  7:39  Missile Turret, Marine x2  
  106  7:40  SCV  
  106  7:41  SCV x2  
  112  7:45  Supply Depot  
  112  7:46  Marine  
  112  7:51  Medivac x2  
  115  7:52  Widow Mine x2  
  115  7:53  Marine  
  115  7:54  Marine  
  115  7:58  Marine x2  
  125  8:02  Supply Depot  
  125  8:06  Missile Turret x2  
  125  8:07  SCV x2, Marine  
  125  8:08  Missile Turret, Marine x2  
  125  8:09  Liberator x2  
  126  8:20  Marine x4  
  126  8:25  Marine x2  
  126  8:26  Marine  
  139  8:38  Marine  
  140  8:44  Marauder  
  141  8:50  Marine x3  
  144  8:57  Missile Turret  
  144  8:59  Missile Turret, Marine  
  144  9:00  Missile Turret  
  144  9:02  Barracks Reactor  
  145  9:05  Widow Mine, Marine  
  145  9:06  Widow Mine  
  145  9:07  Barracks Reactor, Concussive Shells, Marine  
  145  9:08  Marine  
  145  9:09  Barracks, Liberator x2  
  152  9:11  Barracks  
  155  9:22  Marine x2  
  155  9:23  Marauder  
  162  9:33  Marine x2  
  164  9:40  Marine  
  164  9:44  Marauder  
  167  9:46  Supply Depot  
  167  9:47  Supply Depot  
  167  9:48  Supply Depot, Widow Mine x2, Marine x3  
  167  9:50  Marine  
  167  9:51  Marine  
  174  10:06  Marauder  
  172  10:09  Medivac x2, Marine x2  
  172  10:10  Marine x2  
  148  10:16  Marine x2  
  148  10:17  Marine x2  
  148  10:20  Starport  
  149  10:27  Marauder, Marine  
  152  10:29  Barracks Tech Lab  
  152  10:37  Marine x3  
Tags
 
Add a new tag
Caveats
  • Supply blocks, unpowered buildings, or Contaminate may cause inaccurate times.
  • Supply counts are checked every 10 seconds.